TOP OF THE 1ST |
Santa Monica Bruins batting - Pitching for Las Vegas Stars : RHP Ramón Pérez
|
Pitching: RHP Ramón Pérez
|
|
Batting: RHB Brandon Callahan
|
0-0: Ball 1-0: Called Strike 1-1: Ground out 6-3 (Groundball, 6)
|
Batting: RHB Armando Colón
|
0-0: Foul Ball, location: 2F 0-1: Swinging Strike 0-2: Ball 1-2: Strikes out looking
|
Batting: LHB Ray Bryant
|
0-0: Foul Ball, location: 2F 0-1: Foul Ball, location: 2F 0-2: Strikes out looking
|
Top of the 1st over - 0 run(s), 0 hit(s), 0 error(s), 0 left on base; Santa Monica 0 - Las Vegas 0 |
BOTTOM OF THE 1ST |
Las Vegas Stars batting - Pitching for Santa Monica Bruins : RHP Dave Jackson
|
Pitching: RHP Dave Jackson
|
|
Batting: SHB Sloan James
|
0-0: Ball 1-0: Called Strike 1-1: Ball 2-1: Foul Ball, location: 2F 2-2: Fly out, F7 (Line Drive, 7M)
|
Batting: LHB Bryan Foster
|
0-0: Ball 1-0: Ball 2-0: Foul Ball, location: 2F 2-1: Fly out, F8 (Flyball, 8LXD)
|
Batting: RHB Kyle Bacon
|
0-0: Foul Ball, location: 2F 0-1: Fly out, F8 (Flyball, 89XD)
|
Bottom of the 1st over - 0 run(s), 0 hit(s), 0 error(s), 0 left on base; Santa Monica 0 - Las Vegas 0 |
TOP OF THE 2ND |
Santa Monica Bruins batting - Pitching for Las Vegas Stars : RHP Ramón Pérez
|
Batting: RHB Luis Martínez
|
0-0: Swinging Strike 0-1: Ball 1-1: Swinging Strike 1-2: Foul Ball, location: 2F 1-2: Strikes out looking
|
Batting: RHB Justin Burgess
|
0-0: Foul Ball, location: 2F 0-1: Called Strike 0-2: Strikes out swinging
|
Batting: RHB Griswold Coleman
|
0-0: Swinging Strike 0-1: Fly out, F3 (Popup, 3F)
|
Top of the 2nd over - 0 run(s), 0 hit(s), 0 error(s), 0 left on base; Santa Monica 0 - Las Vegas 0 |
BOTTOM OF THE 2ND |
Las Vegas Stars batting - Pitching for Santa Monica Bruins : RHP Dave Jackson
|
Batting: LHB Diego Torres
|
0-0: Ball 1-0: Fly out, F6 (Popup, 78S)
|
Batting: RHB Reginaldo Jaconelli
|
0-0: Ball 1-0: Ball 2-0: Called Strike 2-1: Fly out, F9 (Flyball, 9D)
|
Batting: LHB Fernando De La Cruz
|
0-0: Ball 1-0: Swinging Strike 1-1: Foul Ball, location: 2F 1-2: Ball 2-2: Ground out 1-3 (Groundball, 13)
|
Bottom of the 2nd over - 0 run(s), 0 hit(s), 0 error(s), 0 left on base; Santa Monica 0 - Las Vegas 0 |
TOP OF THE 3RD |
Santa Monica Bruins batting - Pitching for Las Vegas Stars : RHP Ramón Pérez
|
Batting: SHB Ken Hernández
|
0-0: Fly out, F8 (Flyball, 78D)
|
Batting: RHB Francisco Castillo
|
0-0: Called Strike 0-1: Swinging Strike 0-2: Ball 1-2: Strikes out swinging
|
Batting: RHB Bonifacio Torres
|
0-0: Ball 1-0: SINGLE (Line Drive, 34)
|
Batting: RHB Brandon Callahan
|
0-0: Foul Ball, location: 2F 0-1: Ball 1-1: Fly out, F8 (Flyball, 8LS)
|
Top of the 3rd over - 0 run(s), 1 hit(s), 0 error(s), 1 left on base; Santa Monica 0 - Las Vegas 0 |
BOTTOM OF THE 3RD |
Las Vegas Stars batting - Pitching for Santa Monica Bruins : RHP Dave Jackson
|
Batting: RHB Matthieu Vancini
|
0-0: Ball 1-0: Ground out 5-3 (Groundball, 5S)
|
Batting: LHB Henry Leroux
|
0-0: Ball 1-0: Ball 2-0: Called Strike 2-1: SINGLE (Line Drive, 89S)
|
Batting: RHB Ryan Campbell
|
0-0: Ball 1-0: Fly out, F8 (Flyball, 8RM)
|
Batting: SHB Sloan James
|
0-0: Called Strike 0-1: Ball 1-1: Ball 2-1: Ball 3-1: Base on Balls Henry Leroux to second
|
Batting: LHB Bryan Foster
|
0-0: Called Strike 0-1: Ball 1-1: Ball 2-1: Ground out 1-3 (Groundball, 15)
|
Bottom of the 3rd over - 0 run(s), 1 hit(s), 0 error(s), 2 left on base; Santa Monica 0 - Las Vegas 0 |
TOP OF THE 4TH |
Santa Monica Bruins batting - Pitching for Las Vegas Stars : RHP Ramón Pérez
|
Batting: RHB Armando Colón
|
0-0: Called Strike 0-1: Ball 1-1: Ball 2-1: Called Strike 2-2: Foul Ball, location: 2F 2-2: Fly out, F8 (Flyball, 8RM)
|
Batting: LHB Ray Bryant
|
0-0: Foul Ball, location: 2F 0-1: Ball 1-1: Fly out, F5 (Popup, 5L)
|
Batting: RHB Luis Martínez
|
0-0: Swinging Strike 0-1: Ball 1-1: SINGLE (Line Drive, 8LS)
|
Batting: RHB Justin Burgess
|
0-0: Called Strike 0-1: Ball 1-1: DOUBLE (Flyball, 7LS) Luis Martínez to third
|
Batting: RHB Griswold Coleman
|
0-0: Foul Ball, location: 2F 0-1: Fly out, F9 (Flyball, 9D)
|
Top of the 4th over - 0 run(s), 2 hit(s), 0 error(s), 2 left on base; Santa Monica 0 - Las Vegas 0 |
BOTTOM OF THE 4TH |
Las Vegas Stars batting - Pitching for Santa Monica Bruins : RHP Dave Jackson
|
Batting: RHB Kyle Bacon
|
0-0: Ground out 5-3 (Groundball, 5)
|
Batting: LHB Diego Torres
|
0-0: SINGLE (Line Drive, 8RS)
|
Batting: RHB Reginaldo Jaconelli
|
0-0: Ball 1-0: Foul Ball, location: 2F 1-1: Called Strike 1-2: Grounds into double play, 6-4-3 (Groundball, 6)
|
Bottom of the 4th over - 0 run(s), 1 hit(s), 0 error(s), 0 left on base; Santa Monica 0 - Las Vegas 0 |
TOP OF THE 5TH |
Santa Monica Bruins batting - Pitching for Las Vegas Stars : RHP Ramón Pérez
|
Batting: SHB Ken Hernández
|
0-0: Ground out U3 (Groundball, 3S)
|
Batting: RHB Francisco Castillo
|
0-0: Called Strike 0-1: Ball 1-1: Ball 2-1: Swinging Strike 2-2: Foul Ball, location: 2F 2-2: Ball 3-2: Fly out, F4 (Popup, 4MD)
|
Batting: RHB Bonifacio Torres
|
0-0: Foul Ball, location: 2F 0-1: Foul Ball, location: 2F 0-2: Ball 1-2: Ball 2-2: Ground out 5-3 (Groundball, 5)
|
Top of the 5th over - 0 run(s), 0 hit(s), 0 error(s), 0 left on base; Santa Monica 0 - Las Vegas 0 |
BOTTOM OF THE 5TH |
Las Vegas Stars batting - Pitching for Santa Monica Bruins : RHP Dave Jackson
|
Batting: LHB Fernando De La Cruz
|
0-0: Ball 1-0: Ball 2-0: SINGLE (Line Drive, 4MD)
|
Batting: RHB Matthieu Vancini
|
0-0: Swinging Strike 0-1: Ball 1-1: Ground out U3 (Groundball, 3) Fernando De La Cruz to second
|
Batting: LHB Henry Leroux
|
0-0: Intentional Walk
|
Batting: RHB Ryan Campbell
|
0-0: Called Strike 0-1: Fly out, F7 (Line Drive, 78S)
|
Batting: SHB Sloan James
|
0-0: Ball 1-0: Fly out, F9 (Flyball, 9LM)
|
Bottom of the 5th over - 0 run(s), 1 hit(s), 0 error(s), 2 left on base; Santa Monica 0 - Las Vegas 0 |
TOP OF THE 6TH |
Santa Monica Bruins batting - Pitching for Las Vegas Stars : RHP Ramón Pérez
|
Batting: RHB Brandon Callahan
|
0-0: Ball 1-0: Ball 2-0: Called Strike 2-1: Called Strike 2-2: Ball 3-2: Foul Ball, location: 2F 3-2: Foul Ball, location: 2F 3-2: Fly out, F7 (Popup, 7S)
|
Batting: RHB Armando Colón
|
0-0: Fly out, F4 (Popup, 4)
|
Batting: LHB Ray Bryant
|
0-0: Ball 1-0: Ball 2-0: Ball 3-0: Called Strike 3-1: Foul Ball, location: 2F 3-2: Strikes out swinging
|
Top of the 6th over - 0 run(s), 0 hit(s), 0 error(s), 0 left on base; Santa Monica 0 - Las Vegas 0 |
BOTTOM OF THE 6TH |
Las Vegas Stars batting - Pitching for Santa Monica Bruins : RHP Dave Jackson
|
Batting: LHB Bryan Foster
|
0-0: Swinging Strike 0-1: Ball 1-1: Fly out, F8 (Flyball, 8LS)
|
Batting: RHB Kyle Bacon
|
0-0: Swinging Strike 0-1: Foul Ball, location: 2F 0-2: Ball 1-2: DOUBLE (Line Drive, 6M)
|
Batting: LHB Diego Torres
|
0-0: Intentional Walk
|
Batting: RHB Reginaldo Jaconelli
|
0-0: Foul Ball, location: 2F 0-1: Ball 1-1: Swinging Strike 1-2: Fly out, F9 (Flyball, 9M)
|
Batting: LHB Fernando De La Cruz
|
0-0: Ball 1-0: Foul Ball, location: 2F 1-1: Ball 2-1: Foul Ball, location: 2F 2-2: Ball 3-2: Base on Balls Kyle Bacon to third Diego Torres to second
|
Batting: RHB Matthieu Vancini
|
0-0: Ball 1-0: Ball 2-0: Ball 3-0: Called Strike 3-1: Fielders Choice at 2nd, U6 (Groundball, 6M)
|
Bottom of the 6th over - 0 run(s), 1 hit(s), 0 error(s), 3 left on base; Santa Monica 0 - Las Vegas 0 |
TOP OF THE 7TH |
Santa Monica Bruins batting - Pitching for Las Vegas Stars : RHP Ramón Pérez
|
Pinch Hitting: LHB Brent Alonzo
|
0-0: Ball 1-0: Fly out, F6 (Line Drive, 6M)
|
Pinch Hitting: LHB Jeffrey Satterley
|
0-0: SINGLE (Groundball, 3D)
|
Pinch Hitting: LHB Noriaki Sangi
|
Pickoff Throw to First - Out! 0-0: Ball 1-0: SOLO HOME RUN (Flyball, 89XD), Distance : 427 ft
|
Batting: SHB Ken Hernández
|
0-0: Called Strike 0-1: Fly out, F6 (Line Drive, 6)
|
Top of the 7th over - 1 run(s), 2 hit(s), 0 error(s), 0 left on base; Santa Monica 1 - Las Vegas 0 |
BOTTOM OF THE 7TH |
Las Vegas Stars batting - Pitching for Santa Monica Bruins : RHP Dave Jackson
|
Now at 1B: Noriaki Sangi
|
|
Now at 2B: Brent Alonzo
|
|
Now in CF: Jeffrey Satterley
|
|
Batting: LHB Henry Leroux
|
0-0: Foul Ball, location: 2F 0-1: Ball 1-1: Foul Ball, location: 2F 1-2: Ground out 4-3 (Groundball, 4)
|
Batting: RHB Ryan Campbell
|
0-0: Ball 1-0: Ball 2-0: Called Strike 2-1: Swinging Strike 2-2: Ball 3-2: Fly out, F9 (Flyball, 9D)
|
Batting: SHB Sloan James
|
0-0: Ball 1-0: Called Strike 1-1: Ball 2-1: Reached on error, E3 (Groundball, 3L)
|
Pitching: LHP Leonardo Rodríguez
|
|
Pinch Hitting: SHB Esteban Silva
|
0-0: Ball 1-0: Foul Ball, location: 2F 1-1: Ball 2-1: Swinging Strike 2-2: Foul Ball, location: 2F 2-2: SINGLE (Groundball, 34D) Sloan James to second Runner from 2nd tries for 3rd, SAFE, throw made to third
|
Batting: RHB Kyle Bacon
|
0-0: Ball 1-0: Ball 2-0: Ball Balk! Sloan James scores Esteban Silva to second 3-0: Intentional Walk
|
Pinch Hitting: RHB Susumu Sugiyama
|
0-0: SINGLE (Line Drive, 6MD) Esteban Silva to third Kyle Bacon to second
|
Batting: RHB Reginaldo Jaconelli
|
0-0: Called Strike 0-1: Foul Ball, location: 2F 0-2: Fly out, F9 (Flyball, 9S)
|
Bottom of the 7th over - 1 run(s), 2 hit(s), 1 error(s), 3 left on base; Santa Monica 1 - Las Vegas 1 |
TOP OF THE 8TH |
Santa Monica Bruins batting - Pitching for Las Vegas Stars : RHP Ramón Pérez
|
Now at 1B: Esteban Silva
|
|
Now in CF: Brendan Vigors
|
|
Batting: RHB Francisco Castillo
|
0-0: Ball 1-0: Ball 2-0: Foul Ball, location: 2F 2-1: DOUBLE (Line Drive, 7LS)
|
Batting: RHB Bonifacio Torres
|
0-0: Ball 1-0: Ball 2-0: Ground out 5-3 (Groundball, 5S) Francisco Castillo to third
|
Pinch Hitting: LHB Jeffrey Bascombe
|
0-0: Intentional Walk
|
Pinch Hitting: RHB Pablo Peña
|
0-0: Called Strike 0-1: Fly out, F8 (Flyball, 8LM) Runner from 3rd tags up, SCORES, no throw
|
Batting: LHB Ray Bryant
|
0-0: Called Strike 0-1: Foul Ball, location: 2F 0-2: Ball 1-2: Ball 2-2: Fly out, F7 (Flyball, 7S)
|
Top of the 8th over - 1 run(s), 1 hit(s), 0 error(s), 1 left on base; Santa Monica 2 - Las Vegas 1 |
BOTTOM OF THE 8TH |
Las Vegas Stars batting - Pitching for Santa Monica Bruins : LHP Leonardo Rodríguez
|
Now at 3B: José García
|
|
Now at SS: Mark Hosley
|
|
Batting: LHB Fernando De La Cruz
|
0-0: Ball 1-0: Foul Ball, location: 2F 1-1: Foul Ball, location: 2F 1-2: Foul Ball, location: 2F 1-2: Foul Ball, location: 2F 1-2: Foul Ball, location: 2F 1-2: Ball 2-2: Ball 3-2: Fly out, F8 (Flyball, 89D)
|
Pitching: RHP Manuel López
|
|
Batting: RHB Matthieu Vancini
|
0-0: Fly out, F7 (Flyball, 78M)
|
Pitching: RHP Carlos Rangel
|
|
Batting: LHB Henry Leroux
|
0-0: SINGLE (Line Drive, 4D)
|
Pitching: RHP Mark Ross
|
|
Batting: RHB Ryan Campbell
|
0-0: Ball 1-0: Foul Ball, location: 2F 1-1: Called Strike 1-2: Fly out, F8 (Popup, 8LS)
|
Bottom of the 8th over - 0 run(s), 1 hit(s), 0 error(s), 1 left on base; Santa Monica 2 - Las Vegas 1 |
TOP OF THE 9TH |
Santa Monica Bruins batting - Pitching for Las Vegas Stars : RHP Ramón Pérez
|
Pitching: RHP Armando López
|
|
Batting: LHB Brent Alonzo
|
0-0: Ground out 3-1 (Groundball, 34)
|
Batting: LHB Jeffrey Satterley
|
0-0: Called Strike 0-1: Ground out 6-3 (Groundball, 6M)
|
Batting: LHB Noriaki Sangi
|
0-0: Ball 1-0: Ball 2-0: Foul Ball, location: 2F 2-1: Ball 3-1: SINGLE (Groundball, 15) (infield hit)
|
Batting: SHB Ken Hernández
|
0-0: Called Strike 0-1: Foul Ball, location: 2F 0-2: Fly out, F4 (Line Drive, 4)
|
Top of the 9th over - 0 run(s), 1 hit(s), 0 error(s), 1 left on base; Santa Monica 2 - Las Vegas 1 |
BOTTOM OF THE 9TH |
Las Vegas Stars batting - Pitching for Santa Monica Bruins : RHP Mark Ross
|
Pitching: LHP Xavier Velázquez
|
|
Batting: SHB Sloan James
|
0-0: Ball 1-0: Called Strike 1-1: Swinging Strike 1-2: Fly out, F5 (Popup, 56)
|
Batting: SHB Esteban Silva
|
0-0: Ball 1-0: Ball 2-0: Called Strike 2-1: Swinging Strike 2-2: Foul Ball, location: 2F 2-2: Ground out 4-3 (Groundball, 4M)
|
Batting: RHB Kyle Bacon
|
0-0: Ball 1-0: DOUBLE (Flyball, 89D)
|
Batting: RHB Brendan Vigors
|
0-0: Called Strike 0-1: Swinging Strike 0-2: Ball 1-2: DOUBLE (Line Drive, 9LS) Kyle Bacon scores
|
Batting: RHB Reginaldo Jaconelli
|
0-0: Intentional Walk
|
Pinch Hitting: RHB Brian George
|
0-0: Ball 1-0: Ground out 4-3 (Groundball, 4)
|
Bottom of the 9th over - 1 run(s), 2 hit(s), 0 error(s), 2 left on base; Santa Monica 2 - Las Vegas 2 |
TOP OF THE 10TH |
Santa Monica Bruins batting - Pitching for Las Vegas Stars : RHP Armando López
|
Now at 3B: Brian George
|
|
Batting: RHB Francisco Castillo
|
0-0: Ball 1-0: Ball 2-0: Ground out 6-3 (Groundball, 6)
|
Batting: RHB Bonifacio Torres
|
0-0: Ball 1-0: Ball 2-0: Swinging Strike 2-1: Fly out, F7 (Line Drive, 7D)
|
Batting: RHB José García
|
0-0: Ball 1-0: Called Strike 1-1: Foul Ball, location: 2F 1-2: Ball 2-2: Strikes out swinging
|
Top of the 10th over - 0 run(s), 0 hit(s), 0 error(s), 0 left on base; Santa Monica 2 - Las Vegas 2 |
BOTTOM OF THE 10TH |
Las Vegas Stars batting - Pitching for Santa Monica Bruins : LHP Xavier Velázquez
|
Batting: RHB Matthieu Vancini
|
0-0: SINGLE (Groundball, 4MD)
|
Batting: LHB Henry Leroux
|
0-0: Called Strike 0-1: Ball 1-1: Sac Bunt - play at first, batter OUT! 5-4 Matthieu Vancini to second
|
Batting: RHB Ryan Campbell
|
0-0: Swinging Strike 0-1: Called Strike 0-2: Ball 1-2: Ground out 4-3 (Groundball, 4M) Matthieu Vancini to third
|
Batting: SHB Sloan James
|
0-0: Ball 1-0: Ball 2-0: Called Strike 2-1: SINGLE (Line Drive, 78M) Matthieu Vancini scores
|
Monday, December 5th, 2016 - OOTP Baseball 17.12 Build 75
|
|